 Dungeon Crawl Stone Soup version 0.28-a0-1624-g820543e53a (webtiles) character file.

Game seed: 870082613685932981

2 a3don the Magician (level 1, -2/15 HPs)
             Began as a Djinni Summoner on Jan 23, 2022.
             Slain by a quokka (4 damage)
             ... on level 2 of the Dungeon.
             The game lasted 00:01:03 (152 turns).

a3don the Magician (Djinni Summoner)                 Turns: 152, Time: 00:01:04

Health: -2/15      AC:  2    Str:  7    XL:     1   Next: 44%
Gold:   2          EV: 12    Int: 16    God:
                   SH:  0    Dex: 13

rFire   + + .      SeeInvis .   (no weapon)
rCold   x . .      Faith    .   (no shield)
rNeg    . . .      Spirit   .   a - +0 robe
rPois   ∞          Reflect  .   (no helmet)
rElec   .          Harm     .   (no cloak)
rCorr   .          Rampage  .   (no gloves)
Will    .....                   (boots unavailable)
Stlth   ++........              (no amulet)
HPRegen 0.05/turn               (no ring)
MPRegen 0.00/turn               (no ring)

@: flying
A: sickness immunity, fire resistance 2, cold vulnerability 1, float, innate
caster, hp casting, extra vitality 1
a: no special abilities


You were on level 2 of the Dungeon.
You visited 1 branch of the dungeon, and saw 2 of its levels.

You collected 2 gold pieces.

Inventory:

Armour
 a - a +0 robe (worn)
Scrolls
 b - a scroll of identify {unknown}
Potions
 c - a potion of might {unknown}


   Skills:
 + Level 2.2 Dodging
 + Level 1.6 Stealth
 + Level 3.3 Spellcasting


You couldn't memorise any spells.
You knew the following spells:

 Your Spells              Type           Power      Damage    Failure   Level
a - Summon Small Mammal   Summ           52%        N/A       4%          1
b - Call Imp              Summ           13%        N/A       7%          2
c - Call Canine Familiar  Summ           13%        N/A       14%         3
d - Summon Guardian Gole  Hex/Summ       13%        N/A       14%         3
e - Summon Lightning Spi  Summ/Air       13%        N/A       43%         4
Your spell library was empty.

Dungeon Overview and Level Annotations

Branches:
Dungeon (2/15)

Altars:


Innate Abilities, Weirdness & Mutations

You are immune to sickness and miasma.
You are immune to poison.
Your flesh is very heat resistant. (rF++)
You are vulnerable to cold. (rC-)
You float through the air rather than walking.
You learn spells naturally, not from books.
Your magical power is your life essence.
You have superior vitality. (+4 MHP)


Message History

The frilled lizard misses your bat.
Your bat barely misses the quokka. x2; The quokka misses your bat.
Your bat closely misses the quokka.
Your bat misses the quokka.
Your bat barely misses the quokka.
Your bat hits the quokka. x2
Your bat misses the frilled lizard. The quokka bites you.
The frilled lizard barely misses your bat.
Your bat hits the quokka but does no damage.
Your bat misses the frilled lizard.
Your bat hits the quokka but does no damage.
The goblin barely misses your bat. The quokka bites your bat.
Your bat hits the goblin. The frilled lizard misses your bat.
Your bat hits the quokka.
Your bat closely misses the quokka.
The quokka bites your bat.
Your bat dies!
Your bat's corpse disappears in a puff of smoke!
Casting: Summon Small Mammal (safe; 4% risk of failure)
Confirm with . or Enter, or press ? or * to list all spells.
Your bat hits the quokka. The goblin closely misses your bat.
The quokka bites your bat.
Your bat dies!
Your bat's corpse disappears in a puff of smoke!
Your bat barely misses the quokka.
Casting: Summon Small Mammal (safe; 4% risk of failure)
Confirm with . or Enter, or press ? or * to list all spells.
Your bat barely misses the quokka.
Your bat completely misses the quokka.
The goblin hits your bat with a +0 dagger.
The quokka bites you.
Your bat closely misses the goblin.
You miss the quokka.
The quokka is severely wounded.
Your bat barely misses the goblin.
The quokka misses you.
Your quokka barely misses the quokka.
You hit the quokka but do no damage.
The quokka is severely wounded.
Your bat closely misses the goblin.
Your bat barely misses the quokka.
The goblin completely misses your bat. The quokka bites you.
* * * LOW HITPOINT WARNING * * *
Your quokka barely misses the quokka.
Your bat barely misses the goblin.
The goblin misses your bat. The quokka bites you.
You die...

.........##
.......>..#
..........# #####
.......†..# #...#
..........# #...#
..........####...#
.............#.[.#
.........##......#
..#.....####.@l..#
. ####### ##br..#
#..r..#
#.#.g.######..
#.###.......<. #.
##...#..#. ..
..### .. #### ...


You could see a quokka (ally target), a goblin (ally target), a frilled lizard,
a friendly quokka (summoned) and a friendly bat (summoned).

Vanquished Creatures (collateral kills)
  An endoplasm (D:1)
  A bat (D:1)
  A frilled lizard (D:2)
3 creatures vanquished.

Notes
Turn   | Place    | Note
-------+----------+-------------------------------------------
     0 | D:1      | a3don the Djinni Summoner began the quest for the Orb.
     0 | D:1      | Reached XP level 1. HP: 15/15 MP: 0/0
    58 | D:1      | You are sucked into a shaft and drop 1 floor!
   152 | D:2      | Slain by a quokka

Illustrated notes

Levels and vault maps discovered:
D:1:      onia_arrival_pyramid, layout_rooms, minmay_strange_pillars,
          st_stairs_12
D:2:      layout_rooms, chequers_ecumenical_altar_twisty, uniq_natasha

Action                   || total
-------------------------++-------
Melee: Unarmed           ||     4
 Cast: Summon Small Mamm ||     7
Armor: Robe              ||     1
Dodge: Dodged            ||     8

Table legend: (Time is in decaauts)
 A = Elapsed time spent in this place.
 B = Non-inter-level travel time spent in this place.
 C = Inter-level travel time spent in this place.
 D = Time resting spent in this place.
 E = Time spent auto-exploring this place.
 F = Levels seen in this place.
 G = Mean time per level.
                   A        B        C        D        E       F      G
               +--------+--------+--------+--------+--------+-----+--------+
         Total |    151 |    151 |      0 |     56 |     47 |   2 |   75.5 |
       Dungeon |    151 |    151 |      0 |     56 |     47 |   2 |   75.5 |
               +--------+--------+--------+--------+--------+-----+--------+

Top non-repeatable levels by time:
     D:2: 93 daAuts
     D:1: 58 daAuts
